Map: Backwater LE

Players

INnoVation

  • Race: Terran Terran
  • Spawn Location: 11:00

uThermal - Winner!

  • Race: Terran Terran
  • Spawn Location: 5:00

Event: IEM Season 12 - Katowice

VOD

Have the link to the VOD?

Description

Time

  • Played on: March 1, 2018, 1:28 p.m.
  • Length: 5:40

All games in this series

Show
View Real Time Build Order
Export as new Build Order

INnoVation Terran 

Build Orders: 1/1/1, Cyclone Opening 

Get SALT Encoding   

  12  0:00  SCV  
  13  0:12  SCV  
  14  0:17  Supply Depot  
  14  0:24  SCV  
  14  0:28  Refinery  
  15  0:38  SCV  
  16  0:44  Barracks  
  16  0:50  SCV  
  16  0:55  Refinery  
  17  1:03  SCV  
  18  1:15  SCV  
  19  1:30  Orbital Command  
  19  1:31  Reaper  
  20  1:34  Factory  
  20  1:45  Supply Depot  
  20  1:56  SCV  
  21  2:03  Reaper  
  22  2:08  SCV  
  23  2:18  Hellion  
  23  2:20  SCV, Starport  
  26  2:25  Supply Depot  
  26  2:32  SCV  
  26  2:35  Barracks Tech Lab  
  27  2:40  Cyclone  
  30  2:44  SCV  
  31  3:01  Cloaking Field  
  31  3:02  Banshee  
  34  3:12  Barracks Reactor, SCV, Supply Depot  
  35  3:24  SCV  
  36  3:35  Command Center  
  36  3:38  SCV  
  40  3:50  SCV  
  40  3:54  Raven  
  40  4:00  Marine x2  
  40  4:01  Factory Tech Lab  
  40  4:02  Supply Depot, SCV  
  43  4:14  SCV  
  44  4:22  Siege Tank  
  47  4:26  Command Center  
  47  4:28  SCV  
  48  4:36  Marine  
  48  4:37  Marine  
  50  4:43  SCV  
  37  4:54  Siege Tank, Marine x2  
  37  4:57  SCV  
Show
View Real Time Build Order
Export as new Build Order

uThermal Terran - Winner!

Build Orders: Cyclone Opening 

Get SALT Encoding   

  12  0:01  SCV  
  13  0:13  SCV  
  14  0:17  Supply Depot  
  14  0:25  SCV  
  14  0:28  Refinery  
  15  0:39  SCV  
  16  0:44  Barracks  
  16  0:51  SCV  
  16  0:55  Refinery  
  17  1:03  SCV  
  18  1:15  SCV  
  19  1:31  Reaper, Orbital Command  
  20  1:35  Factory  
  20  1:45  Supply Depot  
  20  1:57  SCV  
  21  2:03  Reaper  
  22  2:09  SCV  
  23  2:18  Cyclone  
  26  2:29  Command Center  
  26  2:30  SCV  
  27  2:37  Barracks Reactor  
  27  2:43  Supply Depot, SCV  
  28  2:51  Cyclone  
  31  3:04  SCV  
  32  3:05  Engineering Bay  
  32  3:16  SCV  
  33  3:29  Cyclone  
  33  3:30  Cyclone  
  39  3:38  Missile Turret x2  
  39  3:40  SCV  
  40  3:43  Orbital Command  
  40  3:53  SCV  
  41  3:56  Barracks Tech Lab  
  41  3:57  Starport  
  41  4:05  Cyclone  
  41  4:06  SCV  
  41  4:09  SCV  
  46  4:17  Supply Depot  
  46  4:18  SCV  
  46  4:21  SCV  
  47  4:31  SCV  
  48  4:33  SCV  
  48  4:38  Cyclone  
  48  4:43  Cyclone, SCV  
  53  4:48  SCV  
  54  4:55  SCV  
  52  5:00  SCV  
  50  5:07  SCV  
  50  5:13  SCV  
  50  5:19  SCV  

Tags
 
Add a new tag
Caveats
  • Supply blocks, unpowered buildings, or Contaminate may cause inaccurate times.
  • Supply counts are checked every 10 seconds.